 Dungeon Crawl Stone Soup version 0.31-b1-22-gc680215f68 (webtiles) character file.

Game seed: 6865544073711389168

2818 James the Basher (level 9, -10/118 HPs)
             Began as a Minotaur Fighter on Jan 18, 2024.
             Was a Priest of Ru.
             Mangled by Pikel
             ... wielding a +2 whip of electrocution
              (16 damage)
             ... on level 6 of the Dungeon.
             The game lasted 00:22:53 (8258 turns).

James the Basher (Minotaur Fighter)                 Turns: 8258, Time: 00:22:54

Health: -10/118    AC: 19    Str: 26    XL:     9   Next: 45%
Magic:  8/8        EV:  8    Int:  5    God:    Ru [***...]
Gold:   139        SH:  4    Dex:  9    Spells: 8/8 levels left

rFire   . . .        a - +0 morningstar
rCold   + + .        c - +0 buckler
rNeg    . . .        I - +4 chain mail {Will+}
rPois   .            (helmet restricted)
rElec   .            f - +0 cloak
rCorr   .            Q - +2 pair of gloves
SInv    .            (no boots)
Will    +....        (no amulet) Stlth
                     Y - ring of protection from cold
HPRegen 0.39/turn    o - ring of protection from cold
MPRegen 0.11/turn

%: no passive effects
@: berserking, very quick
A: horns 2, screaming 1, inability to use devices, retaliatory headbutt
a: Renounce Religion, Draw Out Power


You were on level 6 of the Dungeon.
You worshipped Ru.
Ru was most pleased with you.
You visited 1 branch of the dungeon, and saw 6 of its levels.
You also visited: Ossuary.

You collected 304 gold pieces.
You spent 165 gold pieces at shops.

Inventory:

Hand Weapons
 a - a +0 morningstar (weapon)
   (You took it off an orc on level 5 of the Dungeon)
 b - a +0 sling
   (You took it off a goblin on level 2 of the Dungeon)
 h - a +2 dagger of venom
   (You took it off an orc on level 4 of the Dungeon)
 i - a +0 spear
   (You took it off a goblin on level 1 of the Dungeon)
 S - a +1 whip of venom
   (You took it off a gnoll on level 4 of the Dungeon)
 Z - a +2 flail of draining
   (You took it off an orc on level 4 of the Dungeon)
Missiles
 g - 7 boomerangs
 n - 3 curare-tipped darts (quivered) {!f}
 C - 5 javelins
Armour
 c - a +0 buckler (worn)
 f - a +0 cloak (worn)
   (You took it off Crazy Yiuf on level 5 of the Dungeon)
 j - a +0 scale mail
   (You found it on level 2 of the Dungeon)
 q - a +0 robe
   (You found it on level 2 of the Dungeon)
 t - a +0 ring mail
   (You found it on level 2 of the Dungeon)
 u - a +0 scale mail
 v - a +0 chain mail
   (You took it off an orc on level 3 of the Dungeon)
 w - a +0 robe
   (You found it on level 3 of the Dungeon)
 E - a +0 tower shield
   (You found it on level 4 of the Dungeon)
 F - a +0 ring mail
   (You found it on level 3 of the Dungeon)
 G - a +0 scale mail
   (You found it on level 3 of the Dungeon)
 H - a +0 robe
   (You found it on level 2 of the Dungeon)
 I - a +4 chain mail of willpower (worn)
   (You bought it in a shop on level 1 of the Dungeon)
 O - a +0 robe
   (You took it off an orc wizard on level 4 of the Dungeon)
 P - a +0 robe
   (You found it on level 4 of the Dungeon)
 Q - a +2 pair of gloves (worn)
   (You found it on level 4 of the Dungeon)
 R - a +0 ring mail
   (You found it on level 4 of the Dungeon)
 T - a +0 robe
   (You took it off an orc wizard on level 5 of the Dungeon)
 U - a +0 leather armour
   (You took it off an orc on level 5 of the Dungeon)
 W - a +1 leather armour of poison resistance
   (You took it off an orc on level 5 of the Dungeon)
 X - a +0 leather armour
   (You took it off an orc on level 5 of the Dungeon)
Jewellery
 k - a +6 ring of intelligence
   (You found it on level 2 of the Dungeon)
 o - a ring of protection from cold (right hand)
   (You found it in an ossuary)
 Y - a ring of protection from cold (left hand)
   (You took it off an orc on level 5 of the Dungeon)
Scrolls
 p - 3 scrolls of amnesia
 r - 3 scrolls of revelation
 s - a scroll of enchant armour
 y - 3 scrolls of fog
 D - 3 scrolls of poison {!r}
 L - a scroll of fear
 V - a scroll of enchant weapon
Potions
 d - a potion of might
 e - a potion of degeneration {!q}
 l - a potion of enlightenment
 m - a potion of haste {@q3}
 x - a potion of cancellation
 z - a potion of resistance {unknown}
 A - 6 potions of curing {@q1}
 B - 2 potions of heal wounds {@q2}
 J - 2 potions of mutation {!q}
 K - 2 potions of invisibility
 M - 2 potions of magic


   Skills:
 + Level 7.4 Fighting
 * Level 12.4 Maces & Flails
 + Level 7.3 Armour
 - Level 5.0 Shields


You had 8 spell levels left.
You didn't know any spells.
Your spell library contained the following spells:

 Spells                   Type           Power      Damage    Failure   Level
 Sandblast                Erth           0%         2d4       95%         1
 Blink                    Tloc           0%         N/A       99%         2
 Ensorcelled Hibernation  Hex/Ice        0%         N/A       99%         2
 Jinxbite                 Hex            0%         N/A       99%         2
 Lesser Beckoning         Tloc           0%         N/A       99%         2
 Momentum Strike          Conj/Tloc      0%         3d8       99%         2
 Passwall                 Erth           0%         N/A       100%        3
 Stone Arrow              Conj/Erth      0%         3d7       100%        3
 Swiftness                Air            0%         N/A       100%        3
 Brom's Barrelling Bould  Conj/Erth      0%         2d3       100%        4
 Olgreb's Toxic Radiance  Alch           0%         N/A       100%        4
 Fireball                 Conj/Fire      0%         3d3       100%        5
 Iskenderun's Battlesphe  Conj           0%         2d6       100%        5
 Yara's Violent Unravell  Hex/Alch       0%         3d3       100%        5
 Conjure Ball Lightning   Conj/Air       0%         3x3d6     100%        6
 Enfeeble                 Hex            0%         N/A       100%        7
 Orb of Destruction       Conj           0%         9d5       100%        7
 Ozocubu's Refrigeration  Ice            0%         4d7       100%        7
 Discord                  Hex            0%         N/A       100%        8


Dungeon Overview and Level Annotations

Branches:
Dungeon (6/15)            Ossuary (visited)
 Temple: D:4-7

Altars:
Ru

Shops:
D:1 [   D:4 =

Annotations:
D:6 Pikel


Innate Abilities, Weirdness & Mutations

You have a pair of horns on your head.
You occasionally shout uncontrollably at your foes.
You cannot study or use magical devices.
You reflexively headbutt those who attack you in melee.


Message History

Pikel shouts!
Your headbutt misses the lemure. The lemure barely misses you.
You hit the lemure. You headbutt the lemure.
The lemure hits you but does no damage.
You impale the lemure!!
You kill the lemure!
That felt strangely unrewarding.
Pikel says, "You'll make a fine lemure."
Pikel zaps a wand.
The mass of ice explodes!
The iceblast engulfs you. You partially resist.
The iceblast engulfs the lemure!
You bludgeon the lemure!!
You kill the lemure!
That felt strangely unrewarding.
You puncture the lemure! You headbutt the lemure.
You block the lemure's attack.
You closely miss the lemure. The lemure hits you but does no damage.
Pikel hits you with a +2 whip of electrocution.
You are electrocuted!
You closely miss Pikel. The lemure hits you but does no damage.
Pikel hits you with a +2 whip of electrocution.
You are electrocuted!
You sock Pikel! The lemure hits you.
* * * LOW HITPOINT WARNING * * *
Pikel hits you with a +2 whip of electrocution!
* * * LOW HITPOINT WARNING * * *
You are electrocuted!
* * * LOW HITPOINT WARNING * * *
You closely miss Pikel. The lemure hits you but does no damage.
Pikel hits you with a +2 whip of electrocution.
* * * LOW HITPOINT WARNING * * *
Hit: a) +0 morningstar
Press: ? - help, Dir - move target, f - lemure
Aim: a lemure (heavily wounded, about 47% to evade your +0 morningstar)
Okay, then.
A red film seems to cover your vision as you go berserk!
You feel yourself moving faster!
You feel mighty! The lemure hits you.
* * * LOW HITPOINT WARNING * * *
Pikel hits you with a +2 whip of electrocution!
* * * LOW HITPOINT WARNING * * *
You focus your inner power and illuminate Pikel in retribution!
You barely miss Pikel. You headbutt Pikel. You hit Pikel. The lemure hits you.
* * * LOW HITPOINT WARNING * * *
You block Pikel's attack.
You hit Pikel. Your headbutt misses Pikel.
The lemure hits you but does no damage. Pikel hits you but does no damage.
You are electrocuted!
You die...
Pikel says, "See you in Hell!"

.. #. #?. . .. .# #.#
..# #..## #..# #. #.5#
#...# . #5##....#
##@K.# ## . ##..## .##
#.. ..# ##...##
..##... #..##.....##
..... #....##...##
...# ..# ##.....###..#
...###..##.......##.##
#.................#.#
..............#....##


You could see Pikel (corona) and 2 lemures.

Vanquished Creatures
  Prince Ribbit (D:5)
  Grinder (D:4)
  A hornet (D:6)
  Menkaure (D:6)
  A water moccasin (D:6)
  4 black bears
  3 ogres
  2 lemures (D:6)
  A phantom (D:3)
  3 scorpions
  4 bombardier beetles
  3 jellies
  Crazy Yiuf (D:5)
  A human zombie (Ossuary)
  6 orc priests
  A gnoll bouda (D:4)
  2 hounds
  2 sleepcaps
  An iguana (D:4)
  4 orc wizards
  Natasha (thrice) (D:2)
  3 hound zombies (Ossuary)
  4 mummies (Ossuary)
  Robin (D:2)
  9 gnolls
  4 adders
  A shadow imp (D:5)
  A white imp (D:5)
  2 adder zombies (Ossuary)
  2 ribbon worms
  2 dart slugs
  16 orcs
  5 bats
  5 endoplasms
  3 giant cockroaches
  25 goblins
  9 hobgoblins
  3 quokkas
  6 ball pythons
  7 frilled lizards
  A goblin zombie (Ossuary)
  A hobgoblin zombie (Ossuary)
  A jackal zombie (Ossuary)
  12 kobolds
  7 rats
  3 rat zombies (Ossuary)
179 creatures vanquished.

Notes
Turn   | Place    | Note
-------+----------+-------------------------------------------
     0 | D:1      | James the Minotaur Fighter began the quest for the Orb.
     0 | D:1      | Reached XP level 1. HP: 19/19 MP: 0/0
   128 | D:1      | Reached XP level 2. HP: 27/27 MP: 1/1
   555 | D:1      | Reached skill level 3 in Maces & Flails
   565 | D:1      | Found Jita Faihea's Antique Armour Shoppe.
   580 | D:1      | Reached XP level 3. HP: 22/33 MP: 2/2
  1056 | D:2      | Noticed Natasha
  1065 | D:2      | Killed Natasha
  1066 | D:2      | Reached skill level 4 in Maces & Flails
  1153 | D:2      | Found a faded altar of an unknown god.
  1162 | D:2      | Prayed at the altar of an unknown god.
  1162 | D:2      | Became a worshipper of Ru the Awakened
  1173 | D:2      | Gained mutation: You cannot study or use magical devices.
                  | [Ru sacrifice]
  1173 | D:2      | Reached * piety under Ru
  1173 | D:2      | Reached ** piety under Ru
  1268 | D:2      | Noticed Robin
  1272 | D:2      | Reached XP level 4. HP: 40/40 MP: 3/3
  1289 | D:2      | Killed Robin
  1624 | D:3      | Reached skill level 5 in Maces & Flails
  1752 | D:3      | Noticed a phantom
  2021 | D:3      | Reached XP level 5. HP: 35/46 MP: 4/4
  2094 | D:3      | Killed a phantom
  2095 | D:3      | Reached skill level 6 in Maces & Flails
  2295 | D:3      | Noticed an ogre
  2548 | D:4      | Found a sand-covered staircase.
  2553 | Ossuary  | Entered an ossuary
  2572 | Ossuary  | Reached skill level 7 in Maces & Flails
  2572 | Ossuary  | Reached XP level 6. HP: 42/52 MP: 5/5
  2869 | D:4      | Noticed Grinder
  2878 | D:4      | Paralysed by Grinder for 2 turns
  2881 | D:4      | Killed Grinder
  2882 | D:4      | Reached skill level 9 in Maces & Flails
  2882 | D:4      | Reached XP level 7. HP: 46/59 MP: 6/6
  3676 | D:4      | Found Deulasia's Jewellery Emporium.
  4140 | D:2      | Noticed Natasha
  4146 | D:2      | Killed Natasha
  5285 | D:2      | Noticed Natasha
  5289 | D:2      | Killed Natasha
  5290 | D:2      | Reached XP level 8. HP: 67/67 MP: 7/7
  5339 | D:2      | Found a sacrificial altar of Ru.
  5500 | D:1      | Bought a shiny chain mail for 165 gold pieces
  5611 | D:5      | Entered Level 5 of the Dungeon
  5676 | D:4      | Reached skill level 5 in Shields
  5691 | D:4      | Reached skill level 5 in Fighting
  5691 | D:4      | Reached skill level 10 in Maces & Flails
  5742 | D:5      | Reached skill level 5 in Armour
  5815 | D:5      | Noticed Prince Ribbit
  5839 | D:5      | Killed Prince Ribbit
  6379 | D:5      | Reached skill level 11 in Maces & Flails
  6411 | D:4      | Gained mutation: You occasionally shout uncontrollably at
                  | your foes. [Ru sacrifice]
  6411 | D:4      | Reached *** piety under Ru
  6854 | D:5      | Found a runed translucent door.
  6855 | D:5      | Noticed Crazy Yiuf
  7542 | D:5      | Killed Crazy Yiuf
  7576 | D:6      | Noticed a hornet
  7583 | D:6      | Killed a hornet
  7584 | D:6      | Reached XP level 9. HP: 72/78 MP: 8/8
  7727 | D:6      | Found a sacrificial altar of Ru.
  7801 | D:6      | Noticed Menkaure
  7812 | D:6      | Killed Menkaure
  7813 | D:6      | Reached skill level 12 in Maces & Flails
  8245 | D:6      | Noticed Pikel
  8258 | D:6      | Mangled by Pikel

Illustrated notes

Levels and vault maps discovered:
D:1:      onia_arrival_mini_maze_b, layout_loops_ring, serial_shops, shop
D:2:      layout_basic, ebering_ecumenical_altar_box, uniq_natasha, uniq_robin
D:3:      minmay_wonky_spiral, layout_basic, minmay_ogre_servants
D:4:      layout_loops_ring, enter_ossuary_5, serial_shops,
          nicolae_shop_tiny_glass, minmay_puff, uniq_grinder
D:5:      layout_basic, serial_co_window_serial, co_window_paths_b,
          co_window_of_opportunity_a, co_window_of_opportunity_a,
          co_window_corner_a, co_window_paths_a, co_window_corner_cb,
          co_window_broadway_b, co_window_corner_b, co_window_unsneaky_path_e,
          co_window_broadway_b, uniq_prince_ribbit1, uniq_crazy_yiuf_cottage
D:6:      layout_layer_cave, minmay_temple_entry_fiery,
          hangedman_feature_mirror, uniq_jeremiah, uniq_menkaure, uniq_pikel

Skill      XL: |  1  2  3  4  5  6  7  8  9 |
---------------+----------------------------+-----
Fighting       | 4 6 7 |  7.4
Shields        | 4 5 |  5.0
Armour         | 4 6 7 |  7.3
Maces & Flails | 3 4 5 7 9 11 12 | 12.4

Action                     |  1- 3 |  4- 6 |  7- 9 || total
---------------------------+-------+-------+-------++-------
  Melee: Flail             |    79 |   110 |   108 ||   297
         Headbutt          |     8 |    17 |    44 ||    69
         Morningstar       |       |       |   120 ||   120
  Throw: Dart              |       |       |     3 ||     3
 Invoke: Sacrifice Artific |     1 |       |       ||     1
         Sacrifice Purity  |       |       |     1 ||     1
    Use: Scroll            |       |     6 |    17 ||    23
         Potion            |       |     1 |     1 ||     2
   Stab: Invisible         |       |       |     1 ||     1
 Armour: Scale mail        |    44 |    37 |       ||    81
         Chain mail        |       |    50 |   153 ||   203
  Dodge: Dodged            |    31 |    41 |    59 ||   131
  Block: Buckler           |    21 |    20 |    41 ||    82
